 Dungeon Crawl Stone Soup version 0.19-a0-347-g6bb00b2 (webtiles) character file.

82 Chemotherapy the Slasher (level 4, -3/35 HPs)
             Began as a Mummy Gladiator on May 29, 2016.
             Slain by a goblin
             ... wielding a +0 dagger of pain
             ... led by Robin
              (4 damage)
             ... on level 2 of the Dungeon.
             The game lasted 00:02:29 (1190 turns).

Chemotherapy the Slasher (Mummy Gladiator)          Turns: 1190, Time: 00:02:29

Health: -3/35      AC:  4    Str: 18    XL:     4   Next: 21%
Magic:  4/4        EV: 12    Int:  7    God:
Gold:   54         SH:  0    Dex: 13    Spells: 0 memorised, 3 levels left

rFire  x . .     SeeInvis .     a - +0 long sword
rCold  + . .     Gourm    .     b - +0 leather armour
rNeg   + + +     Faith    .     (no shield)
rPois  ∞         Spirit   .     c - +0 helmet
rElec  .         Dismiss  .     (no cloak)
rCorr  .         Reflect  .     (no gloves)
SustAt .         Harm     .     (no boots)
MR     .....                    (no amulet)
Stlth  +.........               (no ring)
                                (no ring)

@: not resistant to hostile enchantments, very unstealthy
A: no food or potions, fire vulnerability, cold resistance 1, negative energy
resistance 3, torment resistance, unbreathing
a: no special abilities


You were on level 2 of the Dungeon.
You were not hungry.

You visited 1 branch of the dungeon, and saw 2 of its levels.

You collected 54 gold pieces.

Inventory:

Hand Weapons
 a - a +0 long sword (weapon)
Missiles
 d - 3 throwing nets {=f, !d}
 h - 3 curare-tipped needles
Armour
 b - a +0 leather armour (worn)
 c - a +0 helmet (worn)
Scrolls
 e - a scroll of amnesia {unknown}
 f - a scroll of fear
 g - a scroll of recharging {unknown}
 i - a scroll of remove curse {unknown}


   Skills:
 + Level 3.1 Fighting
 * Level 3.6 Long Blades
 - Level 1.5 Throwing
 - Level 2.4 Dodging


You had 3 spell levels left.
You didn't know any spells.

Dungeon Overview and Level Annotations

Branches:
Dungeon (2/15)

Altars:

Annotations:
D:2 Robin


Innate Abilities, Weirdness & Mutations

You do not eat or drink.
Your flesh is vulnerable to fire.
You are immune to poison.
Your flesh is cold resistant. (rC+)
You are immune to negative energy. (rN+++)
You are immune to unholy pain and torment.
You can survive without breathing.


Message History

A goblin and 2 hobgoblins come into view. 2 goblins and Robin come into view.
Robin shouts!
The goblin shouts! x3; The hobgoblin shouts!
The ooze quivers.
The ooze moves out of view.
A goblin comes into view. It is wielding a dagger.
A goblin comes into view. It is wielding a dagger of pain.
The goblin shouts! x2
A hobgoblin comes into view. It is wielding a club.
The hobgoblin shouts!
The goblin shouts!
You hit the hobgoblin but do no damage. The hobgoblin closely misses you.
The goblin moves out of view.
Read which item? (? for menu, Esc to quit)
As you read the scroll labeled ILU XIAS CIFUTT, it crumbles to dust.
You assume a fearsome visage.
The hobgoblin looks frightened!
The goblin looks frightened!
The hobgoblin looks frightened!
The ooze looks frightened!
It was a scroll of fear.
You closely miss the hobgoblin. You hit the goblin but do no damage.
The goblin hits you but does no damage.
You slash the goblin!
You kill the goblin!
The goblin closely misses you. x2; The goblin hits you but does no damage.
The goblin hits you.
You take 3 damage, and have 24/35 hp.
You barely miss the goblin. The goblin misses you.
The goblin barely misses you. The goblin completely misses you.
The goblin hits you but does no damage.
You barely miss the goblin. The goblin barely misses you.
The goblin hits you but does no damage.
Robin roars a battlecry!
The goblins go into a battle-frenzy!
The goblin barely misses you.
You hit the goblin. The goblin misses you. The goblin barely misses you.
The goblin completely misses you.
You closely miss the goblin. The goblin closely misses you. x2
The goblin hits you with a dagger. The goblin hits you but does no damage.
You take 5 damage, and have 20/35 hp.
You are too injured to fight recklessly!
You are too injured to fight recklessly!
You slash the goblin!
You kill the goblin!
The goblin hits you but does no damage. The goblin hits you with a dagger.
You take 1 damage, and have 19/35 hp.
You barely miss the goblin. The goblin hits you.
The goblin hits you but does no damage. The hobgoblin hits you.
You take 6 damage, and have 13/35 hp.
You miss the goblin.
The goblin barely misses you. x2; The hobgoblin hits you.
You take 1 damage, and have 12/35 hp.
You completely miss the goblin. The goblin closely misses you. x2
The hobgoblin closely misses you.
You closely miss the goblin. The goblin hits you.
* * * LOW HITPOINT WARNING * * *
The goblin barely misses you. The hobgoblin barely misses you.
You take 4 damage, and have 8/35 hp.
You closely miss the goblin.
The goblin hits you but does no damage. x2
The hobgoblin barely misses you. The goblin misses you.
The goblin closely misses you. The hobgoblin barely misses you.
You hit the goblin.
You kill the goblin!
The goblin hits you but does no damage. The hobgoblin barely misses you.
The hobgoblin seems to regain its courage.
Things that are here:
a dagger; a goblin corpse A rat comes into view.
A kobold comes into view.
The kobold shouts!
You slash the goblin!
You kill the goblin!
The kobold throws a stone.
The stone hits you but does no damage.
The kobold throws a stone.
The stone hits you but does no damage.
You see here a stone.
Robin roars a battlecry!
The hobgoblin goes into a battle-frenzy!
The goblin no longer looks unusually strong.
The rat barely misses you. The kobold misses you.
Robin roars a battlecry!
The goblin goes into a battle-frenzy!
The kobold hits you.
* * * LOW HITPOINT WARNING * * *
You take 1 damage, and have 8/35 hp.
The hobgoblin no longer looks unusually strong.
You closely miss the rat. Robin throws the goblin at you!
* * * LOW HITPOINT WARNING * * *
The goblin misses you. The rat bites you but does no damage.
The goblin closely misses you.
You take 2 damage, and have 6/35 hp.
You hit the rat but do no damage. The rat barely misses you.
The goblin hits you with a dagger of pain.
* * * LOW HITPOINT WARNING * * *
The rat bites you but does no damage.
You take 2 damage, and have 4/35 hp.
You hit the rat.
You kill the rat!
The kobold throws a stone.
The stone hits you.
* * * LOW HITPOINT WARNING * * *
The goblin hits you but does no damage.
You take 3 damage, and have 1/35 hp.
Unknown command.
The goblin hits you with a dagger of pain.
You die...

### #...#
#########...##
......##.... #.....
... #...# ..##
#..g###.?# #. .. .
... #..ggK(g.## #. .
#...#...
#.g.###@..###.#####
..g#g#.. #.g.#
#.........<.##
g#g.#..# ##(##
#.(..........#####
...ggg.# ##g#
#.........#......#
#..g.g###g.#
#.....###..<......
#g...#.g.## #.#..##
#.......#. #..)g###
#.#.## ##..>...#.
#.#..gg.######.#.###
#.....†..
#.......)...†..#...#
#.......#


You could see Robin, 2 hobgoblins, a goblin and a kobold.

Vanquished Creatures
  Terence (D:2)
  An adder (D:2)
  2 oozes
  2 worms
  A dart slug (D:1)
  A giant gecko (D:2)
  A ball python (D:2)
  5 goblins
  A hobgoblin (D:1)
  3 jackals (D:1)
  A quokka (D:2)
  7 bats
  A giant newt (D:1)
  3 kobolds (D:2)
  5 rats
35 creatures vanquished.

Notes
Turn   | Place    | Note
--------------------------------------------------------------
     0 | D:1      | Chemotherapy the Mummy Gladiator began the quest for the Orb.
     0 | D:1      | Reached XP level 1. HP: 16/16 MP: 1/1
   109 | D:1      | Reached XP level 2. HP: 19/23 MP: 2/2
   207 | D:1      | Reached skill level 3 in Long Blades
   535 | D:2      | Noticed Terence
   548 | D:2      | Reached XP level 3. HP: 16/28 MP: 3/3
   681 | D:2      | Killed Terence
   931 | D:2      | HP: 6/28 [kobold/short sword (4)]
  1072 | D:2      | Reached skill level 3 in Fighting
  1147 | D:2      | Reached XP level 4. HP: 25/35 MP: 4/4
  1154 | D:2      | Found a faded altar to an unknown god.
  1155 | D:2      | Noticed Robin
  1174 | D:2      | HP: 8/35 [goblin[Robin] (4)]
  1184 | D:2      | HP: 8/35 [kobold (2)]
  1189 | D:2      | HP: 1/35 [kobold/stone (3)]
  1190 | D:2      | Slain by a goblin

Vault maps used:
D:1:      nicolae_arrival_washed_ashore, interstate_on_off
D:2:      ecumenical_altar_1, uniq_terence, uniq_crazy_yiuf_cottage, uniq_robin

Skill      XL: |  1  2  3 |
---------------+----------+-----
Long Blades    | 3 |  3.6
Fighting       | 3 |  3.1
Throwing       | |  1.5
Dodging        | |  2.4

Action                   |  1- 3 |  4- 6 || total
-------------------------+-------+-------++-------
Melee: Long sword        |    86 |    19 ||   105
  Use: Scroll            |       |     1 ||     1
Armor: Leather armour    |    25 |    11 ||    36
Dodge: Dodged            |    63 |    30 ||    93

Vault maps used:
D:1:      nicolae_arrival_washed_ashore, interstate_on_off
D:2:      ecumenical_altar_1, uniq_terence, uniq_crazy_yiuf_cottage, uniq_robin

Table legend:
 A = Turns spent in this place as a percentage of turns spent in the entire game.
 B = Non-inter-level travel turns spent in this place as a percentage of non-inter-level travel turns spent in the entire game.
 C = Inter-level travel turns spent in this place as a percentage of turns spent in this place.
 D = Turns resting spent in this place as a percentage of non-inter-level travel turns spent in this place.
 E = Turns spent auto-exploring this place as a percentage of non-inter-level travel turns spent in this place.
 F = Non-inter-level travel turns spent in this place divided by the number of levels of this place that you've seen.
                   A       B       C       D       E      F
               +-------+-------+-------+-------+-------+----------------------
         Total | 100.0 | 100.0 |   0.3 |   2.0 |  10.4 | 149.0
       Dungeon | 100.0 | 100.0 |   0.3 |   2.0 |  10.4 | 149.0
               +-------+-------+-------+-------+-------+----------------------

Table legend:
 A = Kills in this place as a percentage of kills in entire the game.
 B = Kills by you in this place as a percentage of kills by you in the entire game.
 C = Kills by friends in this place as a percentage of kills by friends in the entire game.
 D = Other kills in this place as a percentage of other kills in the entire game.
 E = Experience gained in this place as a percentage of experience gained in the entire game.
 F = Experience gained in this place divided by the number of levels of this place that you have seen.
                   A       B       C       D       E      F
               +-------+-------+-------+-------+-------+----------------------
         Total | 100.0 | 100.0 |  -nan |  -nan | 100.0 |  59.0
       Dungeon | 100.0 | 100.0 |  -nan |  -nan | 100.0 |  59.0
               +-------+-------+-------+-------+-------+----------------------
